 Dungeon Crawl Stone Soup version 0.30.0-29-ga12c61a403 (webtiles) character file.

Game seed: 4599094040340610598

9968 bmack86 the Cleaver (level 11, 0/99 HPs)
             Began as a Minotaur Fighter on June 13, 2023.
             Was an Initiate of Gozag.
             Slain by a yak (6 damage)
             ... on level 10 of the Dungeon.
             The game lasted 00:28:40 (8467 turns).

bmack86 the Cleaver (Minotaur Fighter)              Turns: 8467, Time: 00:28:42

Health: 0/99       AC: 24    Str: 30    XL:     11   Next: 30%
Magic:  10/10      EV:  8    Int:  5    God:    Gozag
Gold:   2115       SH: 10    Dex:  7    Spells: 10/10 levels left

rFire   + + .        a - +0 war axe (protect)
rCold   + . .        c - +0 buckler
rNeg    . . .        d - +0 plate armour
rPois   +            (helmet restricted)
rElec   .            p - scarf of Januv {rC+ rF+, Contam rPois Str+6 Dex-4}
rCorr   .            s - +0 pair of gloves
SInv    +            f - +0 pair of boots
Will    .....        j - amulet of reflection Stlth
                     D - ring of see invisible
HPRegen 0.36/turn    v - ring of protection from fire
MPRegen 0.12/turn

%: reflection
@: gold aura, under a protective aura
A: horns 2, retaliatory headbutt
a: Renounce Religion, Potion Petition, Call Merchant, Bribe Branch


You were on level 10 of the Dungeon.
You worshipped Gozag.
Gozag was most pleased with you.
You visited 2 branches of the dungeon, and saw 11 of its levels.

You collected 2159 gold pieces.
You paid 44 gold pieces to Gozag.

Inventory:

Hand Weapons
 a - a +0 war axe of protection (weapon)
Missiles
 o - a throwing net
 E - a curare-tipped dart
 I - 4 boomerangs
Armour
 c - a +0 buckler (worn)
 d - a +0 plate armour (worn)
 f - a +0 pair of boots (worn)
 p - the scarf of Januv (worn) {rC+ rF+, Contam rPois Str+6 Dex-4}
   (You found it on level 2 of the Dungeon)

   Str:       It affects your strength (+6).
   Dex:       It affects your dexterity (-4).
   rPois:     It protects you from poison.
   Contam:    It causes magical contamination when unequipped.
 s - a +0 pair of gloves (worn)
Jewellery
 j - an amulet of reflection (around neck)
 v - a ring of protection from fire (right hand)
 z - a ring of protection from fire
 D - a ring of see invisible (left hand)
Wands
 h - a wand of mindburst (13)
 y - a wand of flame (72) (quivered)
Scrolls
 b - a scroll of amnesia
 e - a scroll of poison
 i - a scroll of magic mapping
 B - 2 scrolls of fear
 C - a scroll of fog
 F - 3 scrolls of blinking
 G - 2 scrolls of teleportation
Potions
 g - a potion of magic
 k - 3 potions of heal wounds
 l - 4 potions of ambrosia
 m - 2 potions of cancellation
 q - 4 potions of curing
 r - a potion of lignification
 t - 5 potions of haste
 u - a potion of invisibility
 w - a potion of brilliance {unknown}
 H - 2 potions of mutation {unknown}


   Skills:
 + Level 10.0 Fighting
 - Level 14.2 Axes
 + Level 10.0 Armour
 - Level 7.3 Shields
 + Level 4.9 Evocations


You had 10 spell levels left.
You didn't know any spells.
Your spell library contained the following spells:

 Spells                   Type           Power      Damage    Failure   Level
 Shock                    Conj/Air       0%         1d3       99%         1
 Slow                     Hex            0%         N/A       99%         1
 Blink                    Tloc           0%         N/A       100%        2
 Ensorcelled Hibernation  Hex/Ice        0%         N/A       100%        2
 Lesser Beckoning         Tloc           0%         N/A       100%        2
 Momentum Strike          Conj/Tloc      0%         3d8       100%        2
 Call Canine Familiar     Summ           0%         N/A       100%        3
 Confusing Touch          Hex            0%         N/A       100%        3
 Portal Projectile        Hex/Tloc       0%         N/A       100%        3
 Spider Form              Tmut/Pois      0%         N/A       100%        3
 Swiftness                Air            0%         N/A       100%        3
 Vampiric Draining        Necr           0%         2d6       100%        3
 Airstrike                Air            0%         2d(0-16)  100%        4
 Anguish                  Hex/Necr       0%         N/A       100%        4
 Cause Fear               Hex            0%         N/A       100%        4
 Leda's Liquefaction      Hex/Erth       0%         N/A       100%        4
 Dragon Form              Tmut           0%         N/A       100%        7
 Dragon's Call            Summ           0%         N/A       100%        9


Dungeon Overview and Level Annotations

Branches:
Dungeon (10/15)            Temple (1/1) D:4            Lair (0/5) D:10
    Orc (0/2) D:10

Altars:
Ashenzari
Cheibriados
Dithmenos
Elyvilon
Fedhas
Gozag
Hepliaklqana
Kikubaaqudgha
Makhleb
Nemelex Xobeh
Okawaru
Qazlal
Ru
Sif Muna
Trog
Uskayaw
Vehumet
Wu Jian
Xom
Yredelemnul
Zin
The Shining One

Shops:
D:3 *


Innate Abilities, Weirdness & Mutations

You have a pair of horns on your head.
You reflexively headbutt those who attack you in melee.


Message History

Unknown command.
You hit the death yak.
You kill the death yak!
You hit the death yak but do no damage. x2
Your Fighting skill increases to level 10!
Your Armour skill increases to level 10!
You block the death yak's attack.
You see here 35 gold pieces.
Unknown command.
Unknown command.
You slash the yak!
The yak is heavily wounded.
You barely miss the death yak. You hit the death yak but do no damage.
The death yak gores you! The death yak gores you!!
* * * LOW HITPOINT WARNING * * *
The yak gores you but does no damage.
Unknown command.
You slash the death yak! You headbutt the death yak.
The death yak is severely wounded.
You hit the death yak but do no damage. You hit the yak.
The death yak gores you!
* * * LOW HITPOINT WARNING * * *
You block the death yak's attack.
The yak is distracted by your dazzling golden aura.
The yak bellows!
You slash the death yak!
The death yak is almost dead.
You hit the death yak. You barely miss the yak.
The yak is no longer distracted by gold.
The death yak gores you but does no damage.
You block the death yak's attack. The yak gores you but does no damage.
Unknown command.
You hit the death yak. Your headbutt misses the death yak.
The death yak is almost dead.
You barely miss the death yak. You barely miss the yak.
The death yak gores you.
* * * LOW HITPOINT WARNING * * *
You block the death yak's attack. The yak gores you.
You die...
Your body crumbles into a pile of gold.

.# #..#######...
........
.#########..####### ....
................... ....
.......).......... .....
##.............. .....
#.####>###..### ......
##...........#####......
................YY...##.
................@Y......
######..#####...##...(>.
#..# #...# ...... #...
.....# ....# .
............. ..... #
############### ....
....


You could see 2 death yaks and a yak.

Vanquished Creatures
  An ice dragon (D:10)
  A two-headed ogre (D:10)
  A death yak (D:10)
  A gargoyle (D:6)
  A troll (D:10)
  Sigmund (D:3)
  A shadow (D:10)
  A vampire (D:6)
  14 yaks
  2 wraiths
  A steam dragon (D:8)
  Duvessa (D:5)
  2 acid dragons
  An orc warrior (D:8)
  A sky beast (D:6)
  6 ice beasts
  3 ogres
  2 black bears
  A centaur (D:10)
  A phantom (D:6)
  5 kobold brigands
  5 bullfrogs
  3 gnoll sergeants
  2 scorpions
  3 wights (D:6)
  Dowan (D:5)
  11 killer bees
  5 howler monkeys
  5 hounds
  7 orc priests
  2 jellies
  A gnoll bouda (D:6)
  2 sleepcaps (D:6)
  Jessica (D:2)
  4 iguanas
  11 orc wizards
  Robin (D:2)
  16 gnolls
  8 adders
  3 white imps
  An ufetubus (D:4)
  2 worms
  3 dart slugs
  35 orcs
  5 ball pythons
  4 bats
  8 endoplasms
  3 giant cockroaches
  13 goblins
  11 hobgoblins
  9 jackals
  4 quokkas
  5 frilled lizards
  28 kobolds
  5 rats
275 creatures vanquished.

Notes
Turn   | Place    | Note
-------+----------+-------------------------------------------
     0 | D:1      | bmack86 the Minotaur Fighter began the quest for the Orb.
     0 | D:1      | Reached XP level 1. HP: 19/19 MP: 0/0
   111 | D:1      | Reached skill level 3 in Axes
   131 | D:1      | Reached XP level 2. HP: 26/26 MP: 1/1
   283 | D:1      | Reached skill level 4 in Axes
   399 | D:1      | Reached XP level 3. HP: 27/31 MP: 2/2
   805 | D:2      | Noticed Jessica
   811 | D:2      | Killed Jessica
   812 | D:2      | Reached skill level 5 in Axes
   877 | D:2      | Reached XP level 4. HP: 38/39 MP: 3/3
   985 | D:2      | Identified the scarf of Januv {rC+ rF+, Contam rPois Str+6
                  | Dex-4}
  1068 | D:2      | Reached skill level 6 in Axes
  1173 | D:2      | Noticed Robin
  1182 | D:2      | Killed Robin
  1485 | D:2      | Reached XP level 5. HP: 45/45 MP: 4/4
  1799 | D:3      | Found Jypp's General Store.
  2223 | D:3      | Noticed Sigmund
  2231 | D:3      | Killed Sigmund
  2232 | D:3      | Reached skill level 8 in Axes
  2232 | D:3      | Reached XP level 6. HP: 50/51 MP: 5/5
  2582 | D:4      | Found a staircase to the Ecumenical Temple.
  2594 | Temple   | Entered the Ecumenical Temple
  2655 | Temple   | Became a worshipper of Gozag Ym Sagoz the Greedy
  2865 | D:4      | Reached skill level 9 in Axes
  2951 | D:4      | Reached XP level 7. HP: 57/57 MP: 6/6
  3505 | D:5      | Entered Level 5 of the Dungeon
  3544 | D:5      | Reached skill level 10 in Axes
  3891 | D:5      | Noticed Duvessa
  3891 | D:5      | Noticed Dowan
  3962 | D:5      | Killed Duvessa
  3963 | D:5      | Reached skill level 11 in Axes
  3970 | D:5      | Killed Dowan
  3971 | D:5      | Reached XP level 8. HP: 58/64 MP: 7/7
  4178 | D:6      | Reached skill level 12 in Axes
  4427 | D:6      | Reached skill level 13 in Axes
  4594 | D:6      | Noticed a gargoyle
  4606 | D:6      | Killed a gargoyle
  4607 | D:6      | Reached skill level 14 in Axes
  4607 | D:6      | Reached XP level 9. HP: 70/70 MP: 8/8
  4702 | D:6      | Found a hazy altar of Hepliaklqana.
  4741 | D:6      | Found a burning altar of Makhleb.
  5116 | D:7      | Reached skill level 5 in Fighting
  5116 | D:7      | Reached skill level 5 in Armour
  5116 | D:7      | Reached skill level 5 in Shields
  5966 | D:8      | Found a broken altar of Ashenzari.
  6185 | D:8      | Reached XP level 10. HP: 75/84 MP: 9/9
  6820 | D:8      | Found a shimmering altar of Xom.
  6850 | D:8      | Found a glowing golden altar of the Shining One.
  7123 | D:9      | Reached skill level 1 in Evocations
  7716 | D:10     | Entered Level 10 of the Dungeon
  7856 | D:10     | Noticed an ice dragon
  7868 | D:10     | Killed an ice dragon
  7893 | D:10     | Identified the +0 arbalest "Cyowoqes" {flame, Drain rCorr
                  | Str+4 SInv}
  7945 | D:10     | Found a staircase to the Orcish Mines.
  8011 | D:10     | Reached XP level 11. HP: 74/97 MP: 10/10
  8207 | D:10     | Noticed a two-headed ogre
  8223 | D:10     | Killed a two-headed ogre
  8441 | D:10     | Noticed a death yak
  8443 | D:10     | Found a staircase to the Lair.
  8443 | D:10     | Noticed a death yak
  8444 | D:10     | Noticed a death yak
  8462 | D:10     | Killed a death yak
  8463 | D:10     | Reached skill level 10 in Fighting
  8463 | D:10     | Reached skill level 10 in Armour
  8467 | D:10     | Slain by a yak

Illustrated notes

Levels and vault maps discovered:
D:1:      minmay_arrival_stone_box, layout_basic
D:2:      layout_basic, uniq_robin, uniq_jessica
D:3:      layout_basic, serial_shops, nicolae_shop_tiny_statue_garden,
          roderic_lattice_a, uniq_sigmund
D:4:      layout_basic, minmay_temple_entry_offerings, serial_park_tiny_2,
          chequers_serial_rivers_small_a, minmay_quantized
D:5:      layout_rooms, kennysheep_cross_bottleneck, uniq_duvessa
D:6:      hangedman_cross_stitches, layout_basic, makhleb_blood_cavern_becter,
          nicolae_hepliaklqana_hazy_memory
D:7:      layout_basic
D:8:      layout_basic, mainiacjoe_overflow_two_lobes,
          mainiacjoe_overflow_tiny_flanked, chequers_serial_rivers_small_b,
          minmay_increasing_density
D:9:      layout_roguey
D:10:     layout_long_grid, dpeg_lair_monsters, orc_0_dummy,
          kennysheep_island_fort
Temple:   nicolae_temple_bog_church

Skill      XL: |  1  2  3  4  5  6  7  8  9 10 11 |
---------------+----------------------------------+-----
Axes           | 3 4 5 6 8 9 11 14 | 14.2
Fighting       | 6 9 10 | 10.0
Armour         | 6 9 10 | 10.0
Shields        | 6 7 |  7.3
Evocations     | 3 4 |  4.9

Action                     |  1- 3 |  4- 6 |  7- 9 | 10-12 || total
---------------------------+-------+-------+-------+-------++-------
  Melee: War axe           |    66 |   137 |   274 |   204 ||   681
         Headbutt          |     6 |    13 |    44 |    41 ||   104
  Evoke: Wand              |       |       |       |     7 ||     7
    Use: Scroll            |     3 |     6 |     9 |     3 ||    21
         Potion            |       |       |     2 |     1 ||     3
   Stab: Distracted        |       |       |       |     3 ||     3
 Armour: Scale mail        |    33 |    41 |       |       ||    74
         Ring mail         |       |     3 |   116 |    79 ||   198
         Plate armour      |       |       |       |    29 ||    29
  Dodge: Dodged            |    24 |    48 |    93 |    59 ||   224
  Block: Buckler           |    26 |    69 |   140 |   113 ||   348
         Reflection        |     2 |     1 |     6 |     5 ||    14
